 Dungeon Crawl Stone Soup version 0.23-a0-408-g9d4b7ed (webtiles) character file.

247 MisterFreud the Sneak (level 6, -4/49 HPs)
             Began as a Naga Fire Elementalist on Nov 8, 2018.
             Killed by divine providence
             ... invoked by an orc priest
              (11 damage)
             ... on level 4 of the Dungeon.
             The game lasted 00:08:41 (3156 turns).

MisterFreud the Sneak (Naga Fire Elementalist)      Turns: 3156, Time: 00:08:42

Health: -4/49      AC:  3    Str: 16    XL:     6   Next: 11%
Magic:  9/9        EV: 10    Int: 17    God:
Gold:   122        SH:  0    Dex: 11    Spells: 5/9 levels left

rFire    . . .     SeeInvis +   l - +1 whip (freeze)
rCold    . . .     Gourm    .   (no shield)
rNeg     . . .     Faith    .   a - +0 robe
rPois    +         Spirit   .   (no helmet)
rElec    .         Reflect  .   (no cloak)
rCorr    .         Harm     .   (no gloves)
MR       .....                  (no barding)
Stlth    ++++......             (no amulet)
HPRegen  0.16/turn              e - ring of stealth
MPRegen  0.11/turn              (no ring)

@: mighty, very slow
A: large, see invisible, deformed body, poison resistance, slowness 2, slow
metabolism 1, spit poison 1, AC +2
a: Spit Poison


You were on level 4 of the Dungeon.
You were not hungry.

You visited 2 branches of the dungeon, and saw 5 of its levels.

You collected 122 gold pieces.

Inventory:

Hand Weapons
 l - a +1 whip of freezing (weapon)
Missiles
 o - a throwing net (quivered)
 q - 35 stones
 s - 16 poisoned needles
 t - 4 needles of sleeping
Armour
 a - a +0 robe (worn)
 b - a +2 shield
Jewellery
 e - a ring of stealth (left hand)
Scrolls
 d - a scroll of amnesia
 i - a scroll of fog
 j - 2 scrolls of teleportation
 k - 2 scrolls of fear {unknown}
 m - 2 scrolls of remove curse {unknown}
 n - a scroll of identify {unknown}
Potions
 g - a potion of haste
 h - a potion of brilliance
Comestibles
 c - 2 rations


   Skills:
 - Level 1.5 Dodging
 - Level 5.0 Stealth
 - Level 2.0 Spellcasting
 + Level 4.3 Conjurations
 + Level 4.2 Fire Magic


You had 5 spell levels left.
You knew the following spells:

 Your Spells              Type           Power        Failure   Level  Hunger
a - Flame Tongue          Conj/Fire      ###..        3%          1    #......
b - Conjure Flame         Conj/Fire      ###.....     10%         3    ###....

Your spell library contained the following spells:

 Spells                   Type           Power        Failure   Level  Hunger
 Throw Flame              Conj/Fire      ###...       4%          2    ###....
 Inner Flame              Hex/Fire       #.......     24%         3    ###....
 Sticky Flame             Conj/Fire      ###.....     32%         4    #####..
 Fireball                 Conj/Fire      ###.......   67%         5    ######.


Dungeon Overview and Level Annotations

Branches:
Dungeon (4/15)             Temple (1/1) D:4

Altars:
Dithmenos
Elyvilon
Fedhas
Gozag
Makhleb
Okawaru
Ru
Sif Muna
Trog
Uskayaw
Vehumet
Xom
Yredelemnul
The Shining One


Innate Abilities, Weirdness & Mutations

You cannot wear boots.
Your serpentine skin is tough. (AC +2)
You have supernaturally acute eyesight. (SInv)
Armour fits poorly on your strangely shaped body.
Your system is resistant to poisons. (rPois)
You cover ground very slowly.
You have a slow metabolism.
You can spit poison.


Message History

The orc wizard casts a spell.
The orc wizard blinks!
It was a potion of agility.
You feel agile all of a sudden.
It was a potion of cancellation.
Your magical effects are unravelling.
You feel magically purged.
You feel yourself slow down.
You feel a little less clever now.
You feel a little less agile now.
You kill the orc!
It was a potion of might.
You feel very mighty all of a sudden.
The orc priest hits you but does no damage.
You barely miss the orc priest.
The orc priest hits you but does no damage.
You closely miss the orc priest.
You have got your breath back.
The orc priest invokes the aid of Beogh against you.
Beogh smites you!
You die...

..#....# ..#....#
..#....# ..#....#### ##
..#....#..###.#####+###+
....
..#....#................
....
..#....#........oo......
...
###....#.#######o##..##.
..### ......##.###.###@#
# #...
......#..+.......# #...
......'..#.......+ #.b.
......##.##.######
########...
...#####.##.##
.........##
...#......)..#
.............#
...#.........#
#.............#
...#.........#
+.............#
...#.........#
#.............#


You could see an orc priest, an orc wizard and an orc.

Vanquished Creatures
  An orc priest (D:3)
  An orc wizard (D:3)
  A bullfrog skeleton (D:4)
  A centaur skeleton (D:4)
  A worker ant (D:4)
  A hound skeleton (D:4)
  3 adders (D:2)
  A worm (D:2)
  4 dart slugs
  2 leopard geckos
  3 orcs
  8 bats
  6 giant cockroaches
  10 goblins
  4 hobgoblins (D:1)
  2 jackals (D:1)
  6 kobolds
  4 frilled lizards
  A leopard gecko skeleton (D:2)
  4 rats (D:1)
64 creatures vanquished.

Notes
Turn   | Place    | Note
-------+----------+-------------------------------------------
     0 | D:1      | MisterFreud the Naga Fire Elementalist began the quest for
                  | the Orb.
     0 | D:1      | Reached XP level 1. HP: 15/15 MP: 3/3
   242 | D:1      | Reached XP level 2. HP: 19/22 MP: 0/5
   602 | D:1      | Reached XP level 3. HP: 20/28 MP: 3/6
  1311 | D:1      | Learned a level 3 spell: Conjure Flame
  1381 | D:2      | Found a glowing golden altar of the Shining One.
  1426 | D:2      | Found a burning altar of Makhleb.
  1434 | D:2      | Reached XP level 4. HP: 36/36 MP: 4/7
  1566 | D:2      | Found a shimmering altar of Xom.
  1569 | D:2      | Found a shimmering altar of Xom.
  1569 | D:2      | Found a shimmering altar of Xom.
  1570 | D:2      | Found a shimmering altar of Xom.
  1958 | D:2      | Found a shimmering altar of Xom.
  1966 | D:2      | You fall through a shaft for 2 floors!
  1980 | D:4      | Reached skill level 4 in Stealth
  2050 | D:4      | Found a staircase to the Ecumenical Temple.
  2072 | Temple   | Entered the Ecumenical Temple
  2349 | D:4      | Reached XP level 5. HP: 35/42 MP: 4/8
  2819 | D:3      | Reached skill level 5 in Stealth
  2835 | D:3      | Reached XP level 6. HP: 31/49 MP: 1/9
  3069 | D:2      | You fall through a shaft for 2 floors!
  3156 | D:4      | Killed from afar by an orc priest

Vault maps used:
D:1:      dpeg_arrival_pits, minmay_tetromino_l4
D:2:      xom_redecorated, nicolae_overflow_crystal_walls, old_standard_altar
D:3:      marbit_many_paths, chequers_ecumenical_altar_simple_redux,
          nicolae_gozag_cash_rules_everything_around_me, uniq_sigmund
D:4:      nemelex_xobeh_ov_fountains_minmay, minmay_temple_entry_butterflies,
          first_ration, uniq_pikel, uniq_natasha
Temple:   minmay_temple_curvy_loop

Skill      XL: |  1  2  3  4  5 |
---------------+----------------+-----
Conjurations   | 2 3 4 |  4.3
Stealth        | 4 5 |  5.0
Fire Magic     | 4 |  4.2
Dodging        | |  1.5
Spellcasting   | |  2.0

Action                   |  1- 3 |  4- 6 || total
-------------------------+-------+-------++-------
Melee: Unarmed           |     4 |       ||     4
       Club              |    44 |       ||    44
       Whip              |     6 |    60 ||    66
 Cast: Flame Tongue      |    25 |    22 ||    47
 Abil: Spit Poison       |    23 |    10 ||    33
  Use: Scroll            |     6 |       ||     6
       Potion            |       |     5 ||     5
 Stab: Sleeping          |     2 |     4 ||     6
  Eat: Chunk             |     2 |     6 ||     8
Armor: Robe              |    14 |    14 ||    28
Dodge: Dodged            |    46 |    40 ||    86

Table legend:
 A = Non-vault XP
 B = Vault XP
 C = Vault XP percentage of total XP
 D = Non-vault monster count
 E = Vault monster count
 F = Vault count percentage of total count
                 A         B        C        D         E       F
            +---------+---------+-------+---------+---------+-------
      Total |     348 |       5 |   1.4 |      61 |       3 |   4.7
            +---------+---------+-------+---------+---------+-------
        D:1 |      52 |       5 |   8.8 |      29 |       3 |   9.4
        D:2 |      78 |       0 |   0.0 |      22 |       0 |   0.0
        D:3 |      89 |       0 |   0.0 |       4 |       0 |   0.0
        D:4 |     129 |       0 |   0.0 |       6 |       0 |   0.0
            +---------+---------+-------+---------+---------+-------
